 Dungeon Crawl Stone Soup version 0.28-a0-1312-g71652a0310 (webtiles) character file.

Game seed: 12945144845011121780

98 gimp the Conjurer (level 4, -7/35 HPs)
             Began as a Demigod Wanderer on Dec 27, 2021.
             Mangled by a gnoll (9 damage)
             ... on level 3 of the Dungeon.
             The game lasted 00:04:59 (2302 turns).

gimp the Conjurer (Demigod Wanderer)                Turns: 2302, Time: 00:05:00

Health: -7/35      AC:  2    Str: 11    XL:     4   Next: 20%
Magic:  1/8        EV: 10    Int: 19    God:
Gold:   37         SH:  4    Dex: 14    Spells: 1/5 levels left

rFire   . . .      SeeInvis .   a - +0 dagger
rCold   . . .      Faith    .   c - +0 buckler
rNeg    . . .      Spirit   .   b - +0 robe
rPois   .          Reflect  .   (no helmet)
rElec   .          Harm     .   (no cloak)
rCorr   .          Rampage  .   (no gloves)
Will    .....                   (no boots)
Stlth   +.........              (no amulet)
HPRegen 0.11/turn               (no ring)
MPRegen 0.11/turn               (no ring)

@: no status effects
A: high mp 1, forlorn, divine attributes
a: no special abilities


You were on level 3 of the Dungeon.
You visited 1 branch of the dungeon, and saw 3 of its levels.

You collected 37 gold pieces.

Inventory:

Hand Weapons
 a - a +0 dagger (weapon)
Armour
 b - a +0 robe (worn)
 c - a +0 buckler (worn)
Scrolls
 d - a scroll of fog {unknown}
 e - a scroll of holy word {unknown}
 f - 2 scrolls of identify {unknown}
 h - a scroll of torment {unknown}


   Skills:
 - Level 1.0 Fighting
 - Level 1.7 Throwing
 - Level 1.0 Shields
 - Level 1.0 Spellcasting
 - Level 4.0 Conjurations
 - Level 1.0 Summonings
 * Level 3.4 Fire Magic


You had one spell level left.
You knew the following spells:

 Your Spells              Type           Power      Damage    Failure   Level
a - Foxfire               Conj/Fire      60%        2x1d7     6%          1
b - Dazzling Flash        Conj/Hex       16%        N/A       34%         3

Your spell library contained the following spells:

 Spells                   Type           Power      Damage    Failure   Level
 Summon Small Mammal      Summ           16%        N/A       19%         1
 Summon Guardian Golem    Hex/Summ       2%         N/A       54%         3
 Hailstorm                Conj/Ice       8%         3d4       75%         4


Dungeon Overview and Level Annotations

Branches:
Dungeon (3/15)

Shops:
D:1 *

Annotations:
D:2 Sigmund


Innate Abilities, Weirdness & Mutations

You have an increased reservoir of magic. (+10% MP)
You shall have no god before yourself.
Your divine heritage dramatically boosts your attributes as you level up.


Message History

The gnoll shouts!
The gnoll closely misses you. The gnoll hits you with a +0 flail!
The gnoll hits you with a +0 halberd.
There is a stone staircase leading down, spattered with blood here.
You take 10 damage, and have 25/35 hp.
MASSIVE DAMAGE!!
There are monsters nearby!
You block the gnoll's attack. The gnoll closely misses you.
You block the gnoll's attack.
You climb downwards.
There is a stone staircase leading up here.
The gnoll hits you from afar with a +0 halberd!
The gnoll closely misses you.
You take 15 damage, and have 11/35 hp.
MASSIVE DAMAGE!!
The gnoll shaman calls upon its god to speed up the gnoll.
The gnoll seems to speed up.
Casting: Foxfire (safe; 6% risk of failure)
Confirm with . or Enter, or press ? or * to list all spells.
You conjure some foxfire!
The gnoll barely misses you. You block the gnoll's attack.
You now have 2/8 mp.
Found a whip.
The foxfire hits the gnoll.
The gnoll is moderately wounded.
The foxfire hits the gnoll.
The gnoll is heavily wounded.
Casting: Foxfire (safe; 6% risk of failure)
Confirm with . or Enter, or press ? or * to list all spells.
You conjure some foxfire!
The gnoll hits you with a +0 flail!
* * * LOW HITPOINT WARNING * * *
The gnoll misses you.
An orc comes into view. It is wielding a +0 war axe.
You take 10 damage, and have 2/35 hp.
MASSIVE DAMAGE!!
You now have 1/8 mp.
The foxfire hits the gnoll.
The gnoll is severely wounded.
The foxfire hits the gnoll but does no damage.
The gnoll is severely wounded.
The orc unwields a +0 war axe.
The orc wields a +0 hunting sling.
The orc shoots a stone.
You block the stone. The gnoll closely misses you.
The gnoll hits you with a +0 flail!
You die...

........<##.##...#
.... ######.###.##
.# #... #.# #..#
...# ##g####.####
.... #..##......#
#..### #.###...g..#
....# #.# #......#
#..# #.# #......#
#@.###.# #...)).#
####.g..g.#######g##
##...........## .#
#......g........# ..
#..............#..
.P #..............#
. ................#
#..o............#
#...............#


You could see a gnoll shaman, 2 gnolls and an orc.

Vanquished Creatures
  A hound (D:2)
  3 gnolls (D:3)
  A dart slug (D:2)
  5 bats
  An endoplasm (D:1)
  3 giant cockroaches
  7 hobgoblins
  2 quokkas
  3 ball pythons (D:1)
  5 frilled lizards
  3 goblins (D:1)
  A kobold (D:2)
  3 rats
38 creatures vanquished.

Vanquished Creatures (others)
  97 foxfires
97 creatures vanquished.

Grand Total: 135 creatures vanquished

Notes
Turn   | Place    | Note
-------+----------+-------------------------------------------
     0 | D:1      | gimp the Demigod Wanderer began the quest for the Orb.
     0 | D:1      | gimp set off with the following items: a +0 dagger, a +0
                  | robe, a +0 buckler; and the following spells available to
                  | memorise: Foxfire, Summon Small Mammal, Dazzling Flash,
                  | Summon Guardian Golem, Hailstorm
     0 | D:1      | Reached XP level 1. HP: 16/16 MP: 4/4
     2 | D:1      | Learned a level 1 spell: Foxfire
   201 | D:1      | Reached skill level 1 in Fire Magic
   389 | D:1      | Reached XP level 2. HP: 3/23 MP: 1/5
  1311 | D:1      | Found Neoden's General Store.
  1572 | D:2      | Reached XP level 3. HP: 20/28 MP: 3/6
  1576 | D:2      | Learned a level 3 spell: Dazzling Flash
  1730 | D:2      | Reached skill level 4 in Conjurations
  1938 | D:2      | Noticed Sigmund
  2273 | D:3      | Reached XP level 4. HP: 35/35 MP: 1/8
  2302 | D:3      | Mangled by a gnoll

Illustrated notes

Levels and vault maps discovered:
D:1:      saegor_arrival_simple_d, layout_basic, serial_shops,
          nicolae_shop_behind_doors
D:2:      layout_basic, basic_ecumenical_altar, grunt_decor_fettered,
          minmay_misc_feat_rugged, uniq_sigmund
D:3:      layout_rooms, yredelemnul_altar_generic, gammafunk_ghost_grave,
          uniq_grinder

Skill      XL: |  1  2  3 |
---------------+----------+-----
Fire Magic     | 1 2 3 |  3.4
Conjurations   | 4 |  4.0
Fighting       | |  1.0
Throwing       | |  1.7
Shields        | |  1.0
Spellcasting   | |  1.0
Summonings     | |  1.0

Action                   |  1- 3 |  4- 6 || total
-------------------------+-------+-------++-------
Melee: Dagger            |    68 |       ||    68
 Cast: Foxfire           |    51 |     3 ||    54
  Use: Potion            |     2 |       ||     2
 Stab: Sleeping          |     1 |       ||     1
Armor: Robe              |    20 |       ||    20
Dodge: Dodged            |    61 |     6 ||    67
Block: Buckler           |    23 |     4 ||    27

Table legend: (Time is in decaauts)
 A = Elapsed time spent in this place.
 B = Non-inter-level travel time spent in this place.
 C = Inter-level travel time spent in this place.
 D = Time resting spent in this place.
 E = Time spent auto-exploring this place.
 F = Levels seen in this place.
 G = Mean time per level.
                   A        B        C        D        E       F      G
               +--------+--------+--------+--------+--------+-----+--------+
         Total |   2307 |   2307 |      0 |    274 |   1686 |   3 |  769.0 |
       Dungeon |   2307 |   2307 |      0 |    274 |   1686 |   3 |  769.0 |
               +--------+--------+--------+--------+--------+-----+--------+

Top non-repeatable levels by time:
     D:1: 1374 daAuts
     D:2: 624 daAuts
     D:3: 309 daAuts
